[Event "Early-Titled-Tuesday-Blitz-May-28-2024"]
[Site "Chess.com"]
[Date "2024.05.28"]
[Round "5"]
[White "Vesper2018"]
[Black "GoltsevDmitry2000"]
[Result "0-1"]
[WhiteElo "2571"]
[BlackElo "2760"]
[TimeControl "180+1"]
[EndTime "8:59:25 PDT"]
[Termination "GoltsevDmitry2000 won on time"]

1. e4 e6 2. d4 d5 3. e5 c5 4. c3 Nc6 5. Nf3 Nge7 6. Na3 cxd4 7. cxd4 Nf5 8. Nc2 h5 9. Bd3 Be7 10. O-O g5 11. Be3 g4 12. Nd2 Qb6 13. Nb3 a5 14.
Rb1 a4 15. Nc5 Nxe3 16. fxe3 Bxc5 17. dxc5 Qxc5 18. Nd4 Nxd4 19. exd4 Qxd4+ 20. Kh1 Qxe5 21. Bb5+ Ke7 22. Qd2 f6 23. Rbe1 Qd6 24. Rxf6 Qb6 25. Qg5 Kd6 26. Rfxe6+ Bxe6 27. Rxe6+ Kxe6 28. Qg6+ Ke5 29. Qxb6 Rac8 30. Qe3+ Kd6 31. Qf4+ Kc5 32. Bxa4 Rhf8 33.
b4+ Kb6 34. Qd4+ Ka6 35. h3 g3 36. Qd3+ Ka7 37. Qxg3 Rc1+ 38. Kh2 Rff1 39. Qe3+ b6 40. Qe7+ Ka6 41. Qe2+ Ka7 42. Bb3 h4 43. Qe7+ Ka6 44.
Qxh4 Rh1+ 45. Kg3 Rc3+ 46. Kf2 Rhc1 47. Qe7 d4 48. Qd8 Kb7 49. Bd5+ Ka6 50. a4 Rc8 51.
Qd7 R1c2+ 52. Kg1 R8c7 53. Qb5+ Ka7 54. a5 Rc1+ 55. Kh2 Rb7 56. a6 Rbc7 57. Qe8 Kxa6 58. Qa8+ Kb5 59. Qe8+ Kxb4 60. Qe4 Kc3 61. Qf3+ d3 62.
Be4 Rd7 63. Qf6+ Rd4 64. Qxb6 Rxe4 65. Qc6+ Rc4 66. Qf6+ Kb3 67. Qf3 R1c3 68. Qd1+ Kb4 69.
Qd2 Kc5 70. Qg5+ Kb4 71. Qd2 Kb3 72. Qd1+ Ka3 73. Qd2 Rb3 74. Qd1 Rc2 75. Qa1+ Kb4 76. Qd4+ Kb5 77. Qd5+ Ka4 78. Qa8+ Kb4 79. Qb7+ Kc3 80.
Qc6+ Kb2 81. Qf6+ Kb1 82. Qf1+ Rc1 83. Qf5 Kb2 84. Qe5+ Rbc3 85. Qb5+ Kc2 86. Qa4+ Kd2 87. Qa2+ R1c2 88. Qd5 Kc1 89. Qg5+ d2 90. h4 Kb1 91. Qd5 Kc1 92. Qg5 Rc5 93. Qf4 R2c4 94. Qe3 Rxh4+ 95.
Kg3 Rhc4 96. Kh2 Rc3 97. Qf4 Rh5+ 98. Kg1 Rcc5 99. Qe3 Rhe5 100. Qa3+ Kc2 101. Qa2+ Kd3 102. Qb3+ Rc3 103. Qb1+ Ke2 104. Qf1+ Ke3 105. Qf3+ Kd4 106. Qf4+ Kd3 107. Qf3+ Kc2 108. Qf5+ Rxf5 0-1

[Event "Early-Titled-Tuesday-Blitz-May-28-2024"]
[Site "Chess.com"]
[Date "2024.05.28"]
[Round "5"]
[White "kuchma777"]
[Black "bubeliang"]
[Result "0-1"]
[WhiteElo "2502"]
[BlackElo "2788"]
[TimeControl "180+1"]
[EndTime "8:59:47 PDT"]
[Termination "bubeliang won on time"]

1. e4 c6 2. d4 d5 3. e5 c5 4. dxc5 e6 5. a3 Bxc5 6. Nf3 Ne7 7. Bd3 Ng6 8. O-O Nc6 9. Re1 O-O 10. b4 Bb6 11. Bb2 Bc7 12. g3 f6 13. exf6 gxf6 14.
c4 dxc4 15. Bxc4 Qxd1 16. Rxd1 Nce5 17. Nxe5 Nxe5 18. Bb3 Kg7 19. Nc3 Bd7 20. f4 Bb6+ 21.
Kf1 Bc6 22. b5 Bf3 23. fxe5 Bxd1 24. Rxd1 fxe5+ 25. Ke1 Rf2 26. Ne2 Rxh2 27. Bxe5+ Kh6 28. Bf4+ Kg7 29. Rd7+ Kf6 30. Nc3 Ba5 31. Bd2 Rh1+ 32. Ke2 Rh2+ 33. Kd3 Kg6 34. Bxe6 Rc8 35. Bd5 Rxd2+ 36. Kxd2 Rxc3 37. Be4+ Kf6 38. Ke2 Rxg3 39. Rxb7 Bb6 40. Bf3 Rg5 41. Rxh7 Rxb5 42. Rh6+ Kg7 43.
Rh5 Rb2+ 44. Ke1 Rb3 45. Be2 Rxa3 46. Rb5 Kf6 47. Kd2 Ke7 48. Bd3 Ra2+ 49. Kc3 Rh2 50.
Rg5 Kd6 51. Rg6+ Kc7 52. Rg7+ Kd6 53. Rg6+ Ke5 54. Rg5+ Kf4 55. Rf5+ Kg4 56. Rf8 Ra2 57. Rg8+ Kh4 58. Rh8+ Kg5 59. Rg8+ Kf6 60. Rf8+ Ke7 61. Rf4 Ra1 62. Re4+ Kd6 63. Bc2 Ra3+ 64. Kb2 Rh3 65. Rg4 Re3 66. Rg6+ Kc7 67. Rg7+ Kb8 68. Rg8+ Kb7 69.
Rg7+ Ka6 70. Rg6 Kb5 71. Rg5+ Bc5 72. Kc1 a5 73. Kd2 Re7 74. Bd3+ Kb4 75. Rg4+ Ka3 76.
Kc2 Bb4 77. Rg1 Rc7+ 78. Kd1 Rc3 79. Ke2 Kb2 80. Rb1+ Ka2 81. Rd1 Rc7 82. Ke3 Bc5+ 83.
Ke4 Bb4 84. Kd5 Kb2 85. Ke4 Rg7 86. Rb1+ Kc3 87. Rc1+ Kb3 88. Bc4+ Kb2 89. Rf1 Re7+ 90. Kd5 Rd7+ 91. Kc6 Rh7 92. Kb5 Rh3 93. Rf2+ Kc3 94.
Bd5 Rh5 95. Kc6 Rg5 96. Rf3+ Kd4 97. Rf4+ Ke3 98. Re4+ Kd3 99. Re6 a4 100. Re8 a3 101. Ra8 Kc3 102. Be6 Rc5+ 103. Kd7 Re5 104. Bg8 Kb2 105. Be6 Re4 106. Ra7 Rd4+ 107. Kc8 Rd6 108. Bf7 Rc6+ 109. Kd7 Rh6 110. Ke8 Kc3 111. Kd7 Rf6 112. Ke8 Rf1 113.
Kd7 Re1 114. Be6 Rd1+ 115. Ke8 Rf1 116. Kd7 Rh1 117. Ke8 Rh8+ 118. Kd7 Rh7+ 119. Kc6 Rxa7 0-1

[Event "Early-Titled-Tuesday-Blitz-May-28-2024"]
[Site "Chess.com"]
[Date "2024.05.28"]
[Round "6"]
[White "Flawless_Fighter"]
[Black "maximnovik"]
[Result "0-1"]
[WhiteElo "2691"]
[BlackElo "2546"]
[TimeControl "180+1"]
[EndTime "9:01:50 PDT"]
[Termination "maximnovik won by resignation"]

1. Nf3 c5 2. g3 b6 3. Bg2 Bb7 4. O-O Nf6 5. b3 g6 6. Bb2 Bg7 7. d3 d5 8. Nbd2 O-O 9. Qe1 Nbd7 10. e4 d4 11. Qe2 e5 12. a4 a6 13. h3 Qc7 14. Nh4 b5 15. f4 Nh5 16. Qf2 Bh6 17. f5 Be3 0-1

[Event "Early-Titled-Tuesday-Blitz-May-28-2024"]
[Site "Chess.com"]
[Date "2024.05.28"]
[Round "6"]
[White "MKlose11"]
[Black "MarkusRagger"]
[Result "0-1"]
[WhiteElo "2615"]
[BlackElo "2804"]
[TimeControl "180+1"]
[EndTime "9:01:57 PDT"]
[Termination "MarkusRagger won by resignation"]

1. e4 e5 2. Nf3 Nc6 3. d4 exd4 4. Bc4 Bc5 5. Ng5 Nh6 6. Nxf7 Nxf7 7. Bxf7+ Kxf7 8.
Qh5+ g6 9. Qxc5 d5 10. e5 Be6 11. O-O Qe7 12. Qb5 a6 13. Qxb7 Na5 14. Bg5 Nxb7 0-1

[Event "Early-Titled-Tuesday-Blitz-May-28-2024"]
[Site "Chess.com"]
[Date "2024.05.28"]
[Round "6"]
[White "manmanlai1"]
[Black "Chessmissile07"]
[Result "0-1"]
[WhiteElo "2566"]
[BlackElo "2833"]
[TimeControl "180+1"]
[EndTime "9:01:58 PDT"]
[Termination "Chessmissile07 won by resignation"]

1. e4 a6 2. Bc4 e6 3. a4 d5 4.
exd5 exd5 5. Bb3 Nf6 6. Nf3 Qe7+ 7. Kf1 g6 8. d4 Bg7 9. h3 O-O 10. Bf4 Nc6 11. c3 Na5 12. Bc2 Nc4 13. b3 Nd6 14.
Nbd2 Nde4 15. Qe2 Re8 16. Re1 Bf5 17. Nxe4 dxe4 18. Ne5 Nd5 19. Qc4 Nxf4 0-1

[Event "Early-Titled-Tuesday-Blitz-May-28-2024"]
[Site "Chess.com"]
[Date "2024.05.28"]
[Round "6"]
[White "banane_verte"]
[Black "Louis-Paulsen-Fan"]
[Result "0-1"]
[WhiteElo "2491"]
[BlackElo "2317"]
[TimeControl "180+1"]
[EndTime "9:02:28 PDT"]
[Termination "Louis-Paulsen-Fan won by checkmate"]

1. e4 Nf6 2. Nc3 e5 3. Bc4 Nc6 4.
Nf3 Nxe4 5. Nxe4 d5 6. Bd3 dxe4 7. Bxe4 Bd6 8. O-O O-O 9. d3 Bg4 10. Bxc6 bxc6 11. h3 Bh5 12. Re1 Re8 13. Qe2 f5 14. Qe3 e4 15. Qg5 exf3 16. Qxd8 Raxd8 17. Rxe8+ Rxe8 18. g4 Re1# 0-1

[Event "Early-Titled-Tuesday-Blitz-May-28-2024"]
[Site "Chess.com"]
[Date "2024.05.28"]
[Round "6"]
[White "Yan_Dyomin2010"]
[Black "H3nriqueTV"]
[Result "1-0"]
[WhiteElo "2602"]
[BlackElo "2365"]
[TimeControl "180+1"]
[EndTime "9:02:40 PDT"]
[Termination "Yan_Dyomin2010 won by resignation"]

1. e4 c5 2. Nf3 b6 3. c4 Bb7 4.
Nc3 e6 5. b3 a6 6. Bb2 Qc7 7.
d4 cxd4 8. Qxd4 Nc6 9. Qd2 Nf6 10. Bd3 Ne5 11. Nxe5 Qxe5 12. Nd5 Qd6 13. e5 Qc6 14. exf6 exd5 15. fxg7 Bxg7 16. Bxg7 Rg8 17. cxd5 Qxd5 18. Qe3+ Kd8 19. Bf6+ Kc8 20. Rc1+ Kb8 21. Qe5+ Ka7 22. Qxd5 Bxd5 23. Rc7+ Kb8 24. Rc1 Rxg2 25. Be5+ Kb7 26. Rc7+ Kb8 27. Rxd7+ 1-0

[Event "Early-Titled-Tuesday-Blitz-May-28-2024"]
[Site "Chess.com"]
[Date "2024.05.28"]
[Round "6"]
[White "kleinebeer98"]
[Black "NiranjanNavalgund"]
[Result "1-0"]
[WhiteElo "2965"]
[BlackElo "2482"]
[TimeControl "180+1"]
[EndTime "9:02:51 PDT"]
[Termination "kleinebeer98 won by resignation"]

1. e4 e5 2. Nc3 Nf6 3. f4 d5 4. fxe5 Nxe4 5. Nf3 Nc6 6. Bb5 Bc5 7. d4 Bb6 8. O-O O-O 9. Bxc6 bxc6 10. Be3 f5 11. exf6 Nxf6 12. Ne5 Qe8 13. Qd2 c5 14. dxc5 Qxe5 15.
cxb6 axb6 16. Bd4 Qd6 17. Bxf6 Rxf6 18. Rxf6 gxf6 19. Qxd5+ Qxd5 20. Nxd5 Bf5 21. Ne7+ 1-0

[Event "Early-Titled-Tuesday-Blitz-May-28-2024"]
[Site "Chess.com"]
[Date "2024.05.28"]
[Round "6"]
[White "Javylavilla"]
[Black "HajiyevKanan"]
[Result "1-0"]
[WhiteElo "2345"]
[BlackElo "2506"]
[TimeControl "180+1"]
[EndTime "9:02:53 PDT"]
[Termination "Javylavilla won by resignation"]

1. e4 c6 2. c4 d5 3. cxd5 cxd5 4.
exd5 Nf6 5. Qa4+ Nbd7 6. Nc3 g6 7. Bc4 Bg7 8. Nf3 O-O 9. O-O a6 10. Qb3 b5 11. Be2 Nb6 12. d4 Nbxd5 13. Bg5 Bb7 14. Rfe1 h6 15. Bxf6 Bxf6 16. Ne5 Nxc3 17. Qxc3 Rc8 18.
Qe3 Kg7 19. Bf3 Bd5 20. Rad1 Qd7 21. Nxd7 1-0

[Event "Early-Titled-Tuesday-Blitz-May-28-2024"]
[Site "Chess.com"]
[Date "2024.05.28"]
[Round "6"]
[White "JM05C"]
[Black "BashirliSaadat"]
[Result "0-1"]
[WhiteElo "2523"]
[BlackElo "2382"]
[TimeControl "180+1"]
[EndTime "9:03:09 PDT"]
[Termination "BashirliSaadat won by resignation"]

1. e4 c5 2. Nf3 Nc6 3. d4 cxd4 4. Nxd4 g6 5. c4 Nf6 6. Nc3 Nxd4 7. Qxd4 d6 8. Be3 Bg7 9. f3 O-O 10. Qd2 Be6 11. Be2 Qa5 12. Nd5 Qxd2+ 13. Kxd2 Bxd5 14.
cxd5 Nd7 15. Rac1 Rfc8 16. b4 a5 17. b5 Bb2 18. Rxc8+ Rxc8 19. Rb1 Ba3 20. Rb3 Bb4+ 21. Kd3 Bc5 22. Bd2 Ne5+ 23. Kc2 Bd4+ 24. Kd1 b6 25. a4 Kg7 26. Rb1 Nc4 27. Rc1 Nb2+ 28.
Ke1 Rxc1+ 29. Bxc1 Nxa4 0-1

[Event "Early-Titled-Tuesday-Blitz-May-28-2024"]
[Site "Chess.com"]
[Date "2024.05.28"]
[Round "6"]
[White "toninhojit"]
[Black "carloseduar100"]
[Result "1-0"]
[WhiteElo "2523"]
[BlackElo "2299"]
[TimeControl "180+1"]
[EndTime "9:03:39 PDT"]
[Termination "toninhojit won by resignation"]

1. e4 e6 2. d4 d5 3. Nc3 Nf6 4. e5 Nfd7 5. f4 c5 6. Nf3 Nc6 7. Be3 Qb6 8. Qd2 Qxb2 9. Rb1 Qa3 10. Bb5 Qa5 11. O-O a6 12. Bxc6 bxc6 13.
f5 exf5 14. Kh1 cxd4 15. Nxd4 Nxe5 16. Bf4 Ng6 17. Rfe1+ Be7 18. Nxc6 Qc5 19. Nxe7 Nxe7 20. Nxd5 Be6 21. Nc7+ Kf8 22. Nxa8 1-0

[Event "Early-Titled-Tuesday-Blitz-May-28-2024"]
[Site "Chess.com"]
[Date "2024.05.28"]
[Round "6"]
[White "AwareIdea"]
[Black "Arteler"]
[Result "1-0"]
[WhiteElo "2484"]
[BlackElo "2228"]
[TimeControl "180+1"]
[EndTime "9:03:42 PDT"]
[Termination "AwareIdea won by resignation"]

1. d4 Nf6 2. c4 g6 3. Nc3 Bg7 4. e4 d6 5. Nf3 O-O 6. Be2 e5 7. O-O Nc6 8. d5 Ne7 9. b4 Nd7 10. a4 f5 11. Ba3 Nf6 12. Nd2 f4 13. c5 g5 14. Nc4 Ne8 15. b5 Ng6 16. b6 axb6 17.
cxd6 cxd6 18. Nb5 Rf6 19. Rc1 Rxa4 20. Qxa4 1-0

[Event "Early-Titled-Tuesday-Blitz-May-28-2024"]
[Site "Chess.com"]
[Date "2024.05.28"]
[Round "6"]
[White "Connectedcloud"]
[Black "Jeppesen08"]
[Result "0-1"]
[WhiteElo "2203"]
[BlackElo "2479"]
[TimeControl "180+1"]
[EndTime "9:03:49 PDT"]
[Termination "Jeppesen08 won by resignation"]

1. Nf3 Nf6 2. c4 g6 3. d4 Bg7 4. g3 O-O 5. Bg2 d6 6. O-O Nbd7 7. Nc3 c5 8. b3 Rb8 9. Bb2 a6 10. dxc5 Nxc5 11. Nd4 Bd7 12. Rc1 b5 13. cxb5 axb5 14. Nc6 Bxc6 15. Bxc6 b4 16. Nd5 Nxd5 17. Bxg7 Ne3 18.
Qd4 Nf5 19. Bxf8 0-1

[Event "Early-Titled-Tuesday-Blitz-May-28-2024"]
[Site "Chess.com"]
[Date "2024.05.28"]
[Round "6"]
[White "Pitomina"]
[Black "Karttunen"]
[Result "0-1"]
[WhiteElo "2491"]
[BlackElo "2643"]
[TimeControl "180+1"]
[EndTime "9:04:02 PDT"]
[Termination "Karttunen won by resignation"]

1. e4 c5 2. Nf3 d6 3. d4 cxd4 4. Nxd4 Nf6 5. Nc3 a6 6. g3 e5 7.
Nb3 Bg4 8. Be2 h5 9. h3 Bxe2 10. Qxe2 Nbd7 11. Bg5 b5 12. O-O-O Qc7 13. Bxf6 Nxf6 14.
Nd5 Nxd5 15. Rxd5 h4 16. g4 Be7 17. Kb1 O-O 18. Rg1 Bg5 19. Rgd1 Rfd8 20. Qd3 g6 21. Rxd6 Rxd6 22. Qxd6 Rd8 23. Qxd8+ Bxd8 0-1

[Event "Early-Titled-Tuesday-Blitz-May-28-2024"]
[Site "Chess.com"]
[Date "2024.05.28"]
[Round "6"]
[White "AnaKuchava"]
[Black "mostafa_sakha"]
[Result "1-0"]
[WhiteElo "2196"]
[BlackElo "2291"]
[TimeControl "180+1"]
[EndTime "9:04:10 PDT"]
[Termination "AnaKuchava won by resignation"]

1. d4 Nf6 2. Nf3 d5 3. c4 e6 4. Nc3 Be7 5. Bf4 O-O 6. e3 c5 7. cxd5 exd5 8. Be2 Nc6 9. O-O Bg4 10. h3 Bh5 11. Rc1 c4 12. Ne5 Bxe2 13. Qxe2 Bb4 14. Bg5 Bxc3 15. bxc3 Re8 16. Ng4 Qd6 17. Bxf6 gxf6 18.
Nh6+ Kh8 19. Nxf7+ 1-0

[Event "Early-Titled-Tuesday-Blitz-May-28-2024"]
[Site "Chess.com"]
[Date "2024.05.28"]
[Round "6"]
[White "Gnechko_Ruslan"]
[Black "rionelG"]
[Result "1-0"]
[WhiteElo "2505"]
[BlackElo "2301"]
[TimeControl "180+1"]
[EndTime "9:04:11 PDT"]
[Termination "Gnechko_Ruslan won by resignation"]

1. d4 Nf6 2. c4 g6 3. Nc3 Bg7 4. g3 O-O 5. Bg2 d6 6. h3 Nc6 7. Nf3 a6 8. O-O Rb8 9. Be3 b5 10.
c5 dxc5 11. dxc5 Nb4 12. Bd4 Bf5 13. Ne5 Bd7 14. a3 Nbd5 15. Nxd5 Nxd5 16. Bxd5 Bxh3 17. Nc6 Qxd5 18. Nxe7+ 1-0

[Event "Early-Titled-Tuesday-Blitz-May-28-2024"]
[Site "Chess.com"]
[Date "2024.05.28"]
[Round "6"]
[White "kuchma777"]
[Black "Viktor_Poddubnyi"]
[Result "0-1"]
[WhiteElo "2490"]
[BlackElo "2316"]
[TimeControl "180+1"]
[EndTime "9:04:12 PDT"]
[Termination "Viktor_Poddubnyi won by checkmate"]

1. e4 g6 2. d4 Bg7 3. h4 d5 4. e5 c5 5. h5 cxd4 6. hxg6 hxg6 7. Rxh8 Bxh8 8. Nf3 Nc6 9. Bf4 Bg4 10. Nbd2 Nxe5 11.
Bxe5 Bxe5 12. Bb5+ Kf8 13. Qe2 Bg7 14. Bd3 e5 15.
O-O-O e4 16. Bxe4 dxe4 17. Nxe4 Qe7 18. Re1 Re8 19. Nfg5 Qxg5+ 20. Nxg5 Rxe2 21. Rh1 Bh6 22. f4 Bxg5 23. fxg5 Rxg2 24. Kb1 Bf5 25. Ka1 Rxc2 26. a3 d3 27. Rd1 d2 28. Ka2 Bg4 29. Kb1 Bxd1 30.
Ka2 Be2 31. a4 d1=Q 32. Ka3 Qb1 33. Kb4 Qxb2+ 34. Ka5 Qb6# 0-1

[Event "Early-Titled-Tuesday-Blitz-May-28-2024"]
[Site "Chess.com"]
[Date "2024.05.28"]
[Round "6"]
[White "lachesisQ"]
[Black "NewBornNow"]
[Result "1-0"]
[WhiteElo "3091"]
[BlackElo "2805"]
[TimeControl "180+1"]
[EndTime "9:04:16 PDT"]
[Termination "lachesisQ won by resignation"]

1. e4 e5 2. f4 d5 3. exd5 exf4 4. Nf3 Nf6 5. Bb5+ c6 6. dxc6 Nxc6 7. Nc3 Bd6 8. Qe2+ Be6 9. Nd4 O-O 10. Nxe6 fxe6 11. Bxc6 bxc6 12. b3 e5 13. Bb2 e4 14. O-O-O Re8 15.
Rhe1 Kh8 16. Qc4 e3 17. dxe3 fxe3 18. Qxc6 Re6 19. Nb5 1-0

[Event "Early-Titled-Tuesday-Blitz-May-28-2024"]
[Site "Chess.com"]
[Date "2024.05.28"]
[Round "6"]
[White "Abund"]
[Black "rhungaski"]
[Result "1-0"]
[WhiteElo "2793"]
[BlackElo "2584"]
[TimeControl "180+1"]
[EndTime "9:04:28 PDT"]
[Termination "Abund won by resignation"]

1. e4 e6 2. d4 d5 3. Nd2 h6 4.
Bd3 Nf6 5. Ngf3 c5 6. exd5 exd5 7. O-O c4 8. Re1+ Be6 9. Bf5 Qb6 10.
c3 Be7 11. Qe2 O-O 12. Bxe6 fxe6 13. Qxe6+ Qxe6 14. Rxe6 Kf7 15. Re2 Bd6 16. Ne5+ Kg8 17.
Ng6 Rc8 18. Nf3 b5 19. Nfh4 Nc6 20. Nf5 Bf8 21. Bf4 b4 22. f3 a5 23. g4 a4 24. cxb4 a3 25. b5 Nb4 26. Nge7+ 1-0

[Event "Early-Titled-Tuesday-Blitz-May-28-2024"]
[Site "Chess.com"]
[Date "2024.05.28"]
[Round "6"]
[White "Attacker_2006"]
[Black "Statham_01"]
[Result "0-1"]
[WhiteElo "2541"]
[BlackElo "2721"]
[TimeControl "180+1"]
[EndTime "9:04:28 PDT"]
[Termination "Statham_01 won by resignation"]

1. e4 e5 2. Bc4 Nf6 3. d3 c6 4.
Nf3 d5 5. exd5 cxd5 6. Bb5+ Bd7 7. Bxd7+ Nbxd7 8. O-O Bd6 9. Re1 O-O 10. Nc3 h6 11.
Nb5 Bb8 12. c4 e4 13. dxe4 dxe4 14. Nd2 Ne5 15. Nc3 Neg4 16. h3 e3 17. fxe3 Bh2+ 18. Kf1 Qd3+ 19. Qe2 Nh5 20. Nce4 f5 21. Nf6+ Rxf6 0-1

[Event "Early-Titled-Tuesday-Blitz-May-28-2024"]
[Site "Chess.com"]
[Date "2024.05.28"]
[Round "6"]
[White "HighLawView"]
[Black "dinushkipremanath"]
[Result "0-1"]
[WhiteElo "2068"]
[BlackElo "2332"]
[TimeControl "180+1"]
[EndTime "9:04:32 PDT"]
[Termination "dinushkipremanath won by checkmate"]

1. e4 e6 2. c4 d5 3. cxd5 exd5 4. Qb3 Nf6 5. e5 Ne4 6. Nc3 Nxc3 7. dxc3 a6 8. Bf4 Nc6 9. O-O-O Be6 10. Nf3 Be7 11.
Nd4 Nxd4 12. Rxd4 c5 13. Rd1 b5 14. c4 O-O 15. cxd5 c4 16. Qf3 Bf5 17. d6 Bg5 18.
Bxg5 Qxg5+ 19. Qe3 Qg6 20. f3 Qe6 21. g4 Bg6 22. h4 c3 23. h5 Qxa2 24. bxc3 Qc2# 0-1

[Event "Early-Titled-Tuesday-Blitz-May-28-2024"]
[Site "Chess.com"]
[Date "2024.05.28"]
[Round "6"]
[White "betta2004"]
[Black "Nekoo04"]
[Result "1-0"]
[WhiteElo "2590"]
[BlackElo "2421"]
[TimeControl "180+1"]
[EndTime "9:04:35 PDT"]
[Termination "betta2004 won on time"]

1. Nf3 d5 2. e3 Nf6 3. b3 e6 4. Bb2 c5 5. d4 Nc6 6. Nbd2 b6 7.
Bb5 Bb7 8. Ne5 Rc8 9. Qe2 Be7 10. O-O O-O 11. f4 cxd4 12. exd4 Nxe5 13. fxe5 Rxc2 14.
exf6 Bxf6 15. Ba3 Bxd4+ 16. Kh1 Bxa1 17. Bxf8 Qg5 18. Bb4 a5 19. Qxe6 h6 20. Qxf7+ 1-0

[Event "Early-Titled-Tuesday-Blitz-May-28-2024"]
[Site "Chess.com"]
[Date "2024.05.28"]
[Round "6"]
[White "Squirlolz"]
[Black "ChessSwole"]
[Result "1-0"]
[WhiteElo "2547"]
[BlackElo "2695"]
[TimeControl "180+1"]
[EndTime "9:04:37 PDT"]
[Termination "Squirlolz won by checkmate"]

1. Nf3 Nf6 2. g3 c5 3. Bg2 g6 4. O-O Bg7 5. Re1 d6 6. e4 e5 7.
c3 Nc6 8. d4 cxd4 9. cxd4 Bg4 10. d5 Nd4 11. Be3 Bxf3 12. Bxf3 Nd7 13. Nd2 O-O 14.
Nc4 Nb6 15. Rc1 Rc8 16. Be2 f5 17. Bxd4 exd4 18. exf5 gxf5 19. Nxb6 Qxb6 20. Rxc8 Rxc8 21. Qd3 Rf8 22. Qd2 f4 23. Bd3 Qd8 24. Re6 Be5 25. Qe2 Qg5 26. Qe4 Rf7 27. Re8+ Kg7 28. Qxh7+ Kf6 29.
Re6# 1-0

[Event "Early-Titled-Tuesday-Blitz-May-28-2024"]
[Site "Chess.com"]
[Date "2024.05.28"]
[Round "6"]
[White "Dexter_Dyke"]
[Black "JiaHaoxiang"]
[Result "0-1"]
[WhiteElo "2456"]
[BlackElo "2629"]
[TimeControl "180+1"]
[EndTime "9:04:41 PDT"]
[Termination "JiaHaoxiang won by resignation"]

1. e4 c5 2. Nf3 d6 3. d4 cxd4 4.
Nxd4 Nf6 5. f3 e5 6. Bb5+ Bd7 7. Bxd7+ Qxd7 8. Nf5 d5 9. Bg5 d4 10. Bxf6 gxf6 11. c3 Nc6 12. O-O O-O-O 13. Qa4 Kb8 14. Na3 dxc3 15. bxc3 Bxa3 16. Qxa3 Qd3 17. Rab1 Rd7 18.
Rb3 Rhd8 19. Rfb1 Qe2 20. Ng3 Rd1+ 21. Rxd1 Rxd1+ 0-1

[Event "Early-Titled-Tuesday-Blitz-May-28-2024"]
[Site "Chess.com"]
[Date "2024.05.28"]
[Round "6"]
[White "Darius321"]
[Black "Cheer_Down"]
[Result "1-0"]
[WhiteElo "2368"]
[BlackElo "2470"]
[TimeControl "180+1"]
[EndTime "9:04:45 PDT"]
[Termination "Darius321 won by resignation"]

1. e4 e6 2. d4 d5 3. e5 c5 4. c3 Nc6 5. Nf3 Nge7 6. Bd3 cxd4 7. cxd4 Nf5 8. Bxf5 exf5 9. Nc3 Be6 10. O-O Be7 11. g3 g5 12. Be3 f4 13. gxf4 gxf4 14. Bxf4 Bg4 15. Bg3 Qd7 16. Qd3 h5 17. h4 Rg8 18.
Kh2 Nb4 19. Qh7 O-O-O 20. e6 fxe6 21. Ne5 Qe8 22. Nb5 Qxb5 23. Qxe7 Rd7 24. Rfc1+ 1-0

[Event "Early-Titled-Tuesday-Blitz-May-28-2024"]
[Site "Chess.com"]
[Date "2024.05.28"]
[Round "6"]
[White "Franmu14"]
[Black "Veleamater"]
[Result "1-0"]
[WhiteElo "2710"]
[BlackElo "2430"]
[TimeControl "180+1"]
[EndTime "9:04:50 PDT"]
[Termination "Franmu14 won by resignation"]

1. e4 d6 2. Nc3 g6 3. d4 Bg7 4. f3 Nf6 5. Be3 O-O 6. Qd2 Nc6 7. O-O-O e5 8. Nge2 Nh5 9. d5 Ne7 10. g4 Nf4 11. Nxf4 exf4 12. Bxf4 f5 13. gxf5 gxf5 14. Bh6 Ng6 15. Bxg7 Kxg7 16. h4 f4 17. h5 Ne5 18. Bh3 a6 19. Ne2 Qf6 20. Nd4 Kh8 21.
Bxc8 Raxc8 22. Ne6 Rf7 23. Qc3 c5 24. Rdg1 b5 25. Rh3 b4 26. Qe1 a5 27. Rg5 h6 28.
Rf5 Qe7 29. Nxf4 Rxf5 30. exf5 Qg5 31. Qg3 Kg7 32. Qxg5+ hxg5 33. Ng6 Nf7 34. f4 g4 35. Re3 Nh6 36. Re7+ Kf6 37. Re6+ Kf7 38. Nh4 Rd8 39. Rxh6 1-0

[Event "Early-Titled-Tuesday-Blitz-May-28-2024"]
[Site "Chess.com"]
[Date "2024.05.28"]
[Round "6"]
[White "Thjop"]
[Black "bascheyaro"]
[Result "1-0"]
[WhiteElo "2634"]
[BlackElo "2805"]
[TimeControl "180+1"]
[EndTime "9:04:54 PDT"]
[Termination "Thjop won by checkmate"]

1. e4 e6 2. d4 d5 3. Nd2 c5 4. Ngf3 Nc6 5. Bb5 c4 6. O-O Bd6 7.
b3 cxb3 8. axb3 Ne7 9. Re1 O-O 10. Bb2 a6 11. Bd3 Nb4 12. Bf1 dxe4 13. Nxe4 Bc7 14. c3 Nbd5 15. c4 Nf4 16. g3 Nfg6 17. h4 h6 18. h5 Nh8 19. Ne5 f6 20. Nf3 Nf7 21. Bg2 Ng5 22. Nfxg5 fxg5 23. Nc5 Nc6 24. Nxe6 Bxe6 25.
Rxe6 Qd7 26. d5 Qf7 27. Qe2 Rae8 28. Re1 Rxe6 29. Qxe6 Na5 30. Qxf7+ Kxf7 31. d6 Bb6 32. Bd5# 1-0

[Event "Early-Titled-Tuesday-Blitz-May-28-2024"]
[Site "Chess.com"]
[Date "2024.05.28"]
[Round "6"]
[White "Andrii_Prydun"]
[Black "chessamical"]
[Result "0-1"]
[WhiteElo "2384"]
[BlackElo "2290"]
[TimeControl "180+1"]
[EndTime "9:05:01 PDT"]
[Termination "chessamical won by resignation"]

1. Nf3 d5 2. d4 Nf6 3. Bf4 e6 4. e3 Bd6 5. Bd3 O-O 6. O-O c5 7. c3 Bxf4 8. exf4 b6 9. Nbd2 Ba6 10. Bxa6 Nxa6 11. Qe2 Nc7 12. Ne5 cxd4 13. cxd4 Nce8 14. Rac1 Nd6 15. f3 Nfe8 16. Nd3 Nf5 17. Nb3 Qf6 18.
Ne5 Qe7 19. g4 Nh4 20. Kf2 Ng6 21. Kg3 Qh4+ 22. Kg2 Nxf4+ 23. Kh1 Nxe2 0-1

[Event "Early-Titled-Tuesday-Blitz-May-28-2024"]
[Site "Chess.com"]
[Date "2024.05.28"]
[Round "6"]
[White "mortngabriel"]
[Black "TrahtarBelarus"]
[Result "1-0"]
[WhiteElo "2468"]
[BlackElo "2770"]
[TimeControl "180+1"]
[EndTime "9:05:04 PDT"]
[Termination "mortngabriel won by resignation"]

1. e4 c5 2. Nf3 d6 3. Bb5+ Bd7 4. Bxd7+ Nxd7 5. c4 Ngf6 6. Nc3 Ne5 7. Qe2 e6 8. O-O Be7 9. Rd1 O-O 10. d4 Nxf3+ 11. Qxf3 cxd4 12. Rxd4 Qc7 13. b3 a6 14. Ba3 b5 15.
Rad1 bxc4 16. Rxc4 Qb6 17. e5 Nd7 18. Bxd6 Bxd6 19.
Rxd6 Qa7 20. Qg3 Rac8 21. Rg4 Rxc3 22. Qxc3 1-0

[Event "Early-Titled-Tuesday-Blitz-May-28-2024"]
[Site "Chess.com"]
[Date "2024.05.28"]
[Round "6"]
[White "Anton_Demchenko"]
[Black "AlexandraSamaganova"]
[Result "1-0"]
[WhiteElo "2935"]
[BlackElo "2406"]
[TimeControl "180+1"]
[EndTime "9:05:07 PDT"]
[Termination "Anton_Demchenko won by resignation"]

1. e4 e6 2. d4 d5 3. Nd2 c5 4. Ngf3 Nc6 5. exd5 exd5 6. Bb5 Qe7+ 7. Be2 Qc7 8. O-O Bd6 9. dxc5 Bxc5 10. Nb3 Bb6 11. Qxd5 Be6 12. Qg5 Nge7 13. Bf4 Qc8 14. Bd6 Ng6 15.
Rad1 Bd8 16. Qe3 Be7 17. Bxe7 Ngxe7 18. Nc5 O-O 19. Nxe6 Qxe6 20. Qxe6 fxe6 21. Bc4 Rf6 22. Rfe1 Nd5 23. Bxd5 exd5 24. Rxd5 Nb4 25. Rd2 Rc8 26.
c3 Nc6 27. Rd7 Rf7 28. Red1 Re8 29. Kf1 h6 30. Rxf7 Kxf7 31. Rd7+ Re7 32. Rxe7+ Kxe7 33. Ke2 Ke6 34. Nd4+ Nxd4+ 35. cxd4 Kd5 36. Kd3 1-0